 Dungeon Crawl Stone Soup version 0.30-a0-439-g9e77e4d916 (webtiles) character file.

Game seed: 15356476056728923549

55 funkygono the Firebug (level 3, -1/24 HPs)
             Began as a Demonspawn Fire Elementalist on Dec 10, 2022.
             Slain by Terence
             ... wielding a +0 flail
              (5 damage)
             ... on level 2 of the Dungeon.
             The game lasted 00:03:04 (1902 turns).

funkygono the Firebug (DsFE)                        Turns: 1902, Time: 00:03:04

Health: -1/24      AC:  3    Str:  8    XL:     3   Next: 67%
Magic:  2/7        EV: 12    Int: 18    God:
Gold:   114        SH:  0    Dex: 13    Spells: 4/7 levels left

rFire   . . .      SeeInvis .    k - +0 whip
rCold   . . .      Faith    .    (no shield)
rNeg    . . .      Spirit   .    a - +0 robe
rPois   .          Reflect  .    (no helmet)
rElec   .          Harm     .    (no cloak)
rCorr   +          Rampage  .    e - +0 pair of gloves
Will    +....                    (no boots)
Stlth   ++........               (no amulet)
HPRegen 0.24/turn                j - ring of resist corrosion
MPRegen 0.10/turn                f - ring of willpower

@: no status effects
A: powered by death 2
a: no special abilities


You were on level 2 of the Dungeon.
You visited 1 branch of the dungeon, and saw 2 of its levels.

You collected 114 gold pieces.

Inventory:

Hand Weapons
 k - a +0 whip (weapon)
Armour
 a - a +0 robe (worn)
 e - a +0 pair of gloves (worn)
Jewellery
 f - a ring of willpower (right hand)
 j - a ring of resist corrosion (left hand)
Scrolls
 c - 2 scrolls of magic mapping {unknown}
 g - 2 scrolls of identify {unknown}
 h - a scroll of noise {unknown}
 l - a scroll of brand weapon {unknown}
 o - a scroll of summoning {unknown}
Potions
 d - a potion of lignification {unknown}
 i - a potion of ambrosia {unknown}
 m - a potion of degeneration {unknown}
 n - a potion of curing {unknown}


   Skills:
 + Level 0.7 Maces & Flails
 + Level 2.0 Dodging
 - Level 1.7 Stealth
 + Level 2.7 Spellcasting
 + Level 1.3 Conjurations
 + Level 3.4 Fire Magic


You had 4 spell levels left.
You knew the following spells:

 Your Spells              Type           Power      Damage    Failure   Level
a - Foxfire               Conj/Fire      40%        2x1d6     6%          1
b - Scorch                Fire           28%        2d6       6%          2

Your spell library contained the following spells:

 Spells                   Type           Power      Damage    Failure   Level
 Inner Flame              Hex/Fire       8%         N/A       26%         3
 Kindle Blastsparks       Fire/Tloc/Air  12%        2d11      32%         3
 Flame Wave               Conj/Fire      10%        2d6       54%         4


Dungeon Overview and Level Annotations

Branches:
Dungeon (2/15)

Altars:

Annotations:
D:2 Terence


Innate Abilities, Weirdness & Mutations

You regenerate health from kills.


Message History

Casting: Foxfire (safe; 6% risk of failure)
Confirm with . or Enter, or press ? or * to list all spells.
You conjure some foxfire!
Terence hits you with a +0 flail.
Unknown command.
You hit Terence but do no damage.
Terence is severely wounded.
The foxfire hits Terence.
Terence is severely wounded.
The foxfire hits Terence but does no damage.
Terence is severely wounded.
Terence barely misses you.
You hit Terence but do no damage.
Terence is severely wounded.
Terence hits you with a +0 flail.
You hit Terence.
Terence is severely wounded.
Terence hits you with a +0 flail!
* * * LOW HITPOINT WARNING * * *
You hit Terence but do no damage.
Terence is severely wounded.
Terence misses you. Magic courses through your body. Terence barely misses you.
Casting: Foxfire (safe; 6% risk of failure)
Confirm with . or Enter, or press ? or * to list all spells.
Flames lash Terence.
Terence is severely wounded.
Terence's fire resistance burns away.
An adder comes into view.
Terence hits you with a +0 flail.
* * * LOW HITPOINT WARNING * * *
Casting: Scorch (safe; 6% risk of failure)
Confirm with . or Enter, or press ? or * to list all spells.
Flames lash Terence.
Terence is burned terribly!
Terence is almost dead.
Terence barely misses you.
Unknown command.
Casting: Scorch (safe; 6% risk of failure)
Confirm with . or Enter, or press ? or * to list all spells.
Flames lash Terence but do no damage.
Terence hits you with a +0 flail.
You die...

#.....# ....#...#
...#.#..
....#....# .#..#.#
...##....###.....#
#.......###..S...#
#.###..#..#....#.#
#.# #.#....#...#.#
#.# #.#.....##...#
#.# #...........@#
#.###...###..###@#
.#.##.### #..#
.... ###...#
#.......## ...#.##
#.###...# .......
#.# ##..#
.....[#.# #.# ...#
##..... ..... ...#
#....## ##


You could see Terence (combustible) and an adder.

Vanquished Creatures
  2 adders (D:2)
  2 worms
  A dart slug (D:1)
  2 ball pythons (D:1)
  5 endoplasms
  A goblin (D:1)
  2 hobgoblins (D:1)
  2 quokkas (D:1)
  5 bats (D:1)
  4 frilled lizards
  A kobold (D:2)
  4 rats (D:1)
31 creatures vanquished.

Vanquished Creatures (others)
  83 foxfires
83 creatures vanquished.

Grand Total: 114 creatures vanquished

Notes
Turn   | Place    | Note
-------+----------+-------------------------------------------
     0 | D:1      | funkygono the Demonspawn Fire Elementalist began the quest
                  | for the Orb.
     0 | D:1      | Reached XP level 1. HP: 13/13 MP: 3/3
   272 | D:1      | Reached skill level 3 in Fire Magic
   272 | D:1      | Gained mutation: You regenerate a little health from kills.
                  | [demonic ancestry]
   272 | D:1      | Reached XP level 2. HP: 19/19 MP: 3/5
   574 | D:1      | Found a faded altar of an unknown god.
   761 | D:1      | Learned a level 2 spell: Scorch
  1230 | D:2      | Gained mutation: You regenerate health from kills. [demonic
                  | ancestry]
  1230 | D:2      | Reached XP level 3. HP: 24/24 MP: 1/6
  1393 | D:2      | Identified the +8 dagger "Vyplaicw" {holy, Dex+2}
  1881 | D:2      | Noticed Terence
  1902 | D:2      | Slain by Terence

Illustrated notes

Levels and vault maps discovered:
D:1:      denvon_arrival_waterhouse, layout_loops_ring,
          hellmonk_ecumenical_altar_zigzags
D:2:      layout_loops_ring, minmay_misc_feat_chi, uniq_terence

Skill      XL: |  1  2 |
---------------+-------+-----
Fire Magic     | 3 |  3.4
Dodging        | 2 |  2.0
Maces & Flails | |  0.7
Stealth        | |  1.7
Spellcasting   | |  2.7
Conjurations   | |  1.3

Action                   || total
-------------------------++-------
Melee: Club              ||    11
       Whip              ||     6
 Cast: Foxfire           ||    50
       Scorch            ||    15
  Use: Potion            ||     1
Armor: Robe              ||     7
Dodge: Dodged            ||    26

Table legend: (Time is in decaauts)
 A = Elapsed time spent in this place.
 B = Non-inter-level travel time spent in this place.
 C = Inter-level travel time spent in this place.
 D = Time resting spent in this place.
 E = Time spent auto-exploring this place.
 F = Levels seen in this place.
 G = Mean time per level.
                   A        B        C        D        E       F      G
               +--------+--------+--------+--------+--------+-----+--------+
         Total |   1906 |   1874 |     32 |      0 |   1598 |   2 |  953.0 |
       Dungeon |   1906 |   1874 |     32 |      0 |   1598 |   2 |  953.0 |
               +--------+--------+--------+--------+--------+-----+--------+

Top non-repeatable levels by time:
     D:1: 1306 daAuts
     D:2: 600 daAuts
